 Dungeon Crawl Stone Soup version 0.18-a0-1418-ga86aa8f (webtiles) character file.

46 namelastname112 the Vandal (level 3, -1/30 HPs)
             Began as a Draconian Hunter on Feb 26, 2016.
             Slain by a hobgoblin (3 damage)
             ... led by Robin
             ... on level 1 of the Dungeon.
             The game lasted 00:01:47 (965 turns).

namelastname112 the Vandal (Draconian Hunter)        Turns: 965, Time: 00:01:47

Health: -1/30      AC:  5    Str: 19    XL:     3   Next: 46%
Magic:  3/3        EV: 12    Int: 11    God:
Gold:   23         SH:  0    Dex: 12    Spells: 0 memorised, 2 levels left

rFire  . . .     SeeInvis .     b - +0 short sword
rCold  . . .     Gourm    .     (armour unavailable)
rNeg   . . .     Faith    .     (no shield)
rPois  .         Spirit   .     (helmet restricted)
rElec  .         Dismiss  .     (no cloak)
rCorr  .         Reflect  .     (no gloves)
SustAt .         Harm     .     (no boots)
MR     .....                    (no amulet)
Stlth  +.........               (no ring)
                                (no ring)

@: mighty, heavily drained, not resistant to hostile enchantments, very
unstealthy
A: unfitting armour, cold-blooded, AC +5
a: no special abilities


You were on level 1 of the Dungeon.
You were not hungry.

You visited 1 branch of the dungeon, and saw 2 of its levels.

You collected 23 gold pieces.

Inventory:

Hand Weapons
 a - a +1 hunting sling
 b - a +0 short sword (weapon)
Missiles
 c - 20 sling bullets
 h - 23 stones (quivered)
Scrolls
 e - a scroll of fog {unknown}
 f - 3 scrolls of identify {unknown}
 i - 2 scrolls of remove curse {unknown}
 j - a scroll of blinking {unknown}
Comestibles
 d - a bread ration
 g - a beef jerky
 k - a slice of pizza


   Skills:
 + Level 2.9(1.4) Fighting
 * Level 4.0(2.5) Slings
 + Level 2.6(1.1) Dodging
 - Level 0.8(0.0) Stealth


You had 2 spell levels left.
You didn't know any spells.

Dungeon Overview and Level Annotations

Branches:
Dungeon (2/15)

Altars:

Annotations:
D:2 Robin


Innate Abilities, Weirdness & Mutations

Your plain brown scales are hard (AC +5).
Your body does not fit into most forms of armour.
You are cold-blooded and may be slowed by cold attacks.


Message History

You climb upwards.
There is a stone staircase leading down here.
You are too injured to fight recklessly!
You are too injured to fight recklessly!
You are too injured to fight recklessly!
You hit the hobgoblin but do no damage.
Your tail-slap misses the hobgoblin.
The giant cockroach bites you.
* * * LOW HITPOINT WARNING * * *
The hobgoblin hits you.
* * * LOW HITPOINT WARNING * * *
The giant cockroach bites you.
* * * LOW HITPOINT WARNING * * *
You barely miss the hobgoblin.
The giant cockroach bites you but does no damage.
The hobgoblin barely misses you.
Drink which item? (? for menu, Esc to quit)
It was a potion of might.
You feel very mighty all of a sudden. The giant cockroach closely misses you.
The hobgoblin hits you.
You die...

##### #...# #...#
#...####### #...#.....#
##### #...#.###.#
######## #...# #...#.#
#.#
.#.....#####...###...#.#
#.#
.+.........'...g@s.(...#
#.######
.#.....#####...#########
#......#
.......#..........#
######.#
...#####..........# #.#
...# #..........# #.#
#### #..........# #.#
########...###'#### #.#
...............#
#########.#
#######..####..#
#.........#


You could see a giant cockroach and a hobgoblin (frenzied).

Vanquished Creatures
  An ooze (D:1)
  A worm (D:2)
  2 dart slugs (D:1)
  3 bats
  A giant cockroach (D:1)
  14 goblins
  3 hobgoblins
  3 giant newts (D:2)
  3 kobolds
  2 rats (D:1)
33 creatures vanquished.

Notes
Turn   | Place    | Note
--------------------------------------------------------------
     0 | D:1      | namelastname112 the Draconian Hunter began the quest for the Orb.
     0 | D:1      | Reached XP level 1. HP: 17/17 MP: 1/1
   234 | D:1      | Reached XP level 2. HP: 16/25 MP: 2/2
   832 | D:2      | Reached XP level 3. HP: 25/30 MP: 3/3
   858 | D:2      | Reached skill level 4 in Slings
   881 | D:2      | Noticed Robin
   965 | D:1      | Slain by a hobgoblin

Vault maps used:
D:1:      minmay_arrival_four_houses
D:2:      uniq_robin, uniq_crazy_yiuf_cottage

Skill      XL: |  1  2  3 |
---------------+----------+-----
Dodging        | 2 |  2.6
Slings         | 4 |  4.0
Fighting       | |  2.9
Stealth        | |  0.8

Action                   || total
-------------------------++-------
Melee: Short sword       ||   125
 Fire: Hunting sling     ||     5
  Use: Potion            ||     1
 Stab: Sleeping          ||     1
